 Dungeon Crawl Stone Soup version 0.17.1-1-g73c8601 (webtiles) character file.

2261 PossumBlood the Carver (level 9, 0/70 HPs)
             Began as a Minotaur Fighter on Jan 6, 2016.
             Was a Follower of Trog.
             Killed from afar by Erolcha (9 damage)
             ... with a wand of lightning
             ... on level 8 of the Dungeon.
             The game lasted 00:22:24 (6035 turns).

PossumBlood the Carver (Minotaur Fighter)           Turns: 6035, Time: 00:22:25

Health: 0/70       AC: 10    Str: 25    XL:     9   Next: 15%
Magic:  8/8        EV:  7    Int:  5    God:    Trog [*.....]
Gold:   324        SH: 10    Dex:  9    Spells: 0 memorised, 8 levels left

rFire  . . .     SeeInvis +     a - +5 long sword
rCold  . . .     Clarity  .     b - +0 scale mail
rNeg   . . .     SustAt   .     c - +1 shield
rPois  .         Gourm    .     (helmet restricted)
rElec  .         Spirit   .     (no cloak)
rCorr  .         Warding  .     (no gloves)
rMut   .         Stasis   .     h - +2 pair of boots
MR     .....                    p - amulet of regeneration
Stlth  ..........               l - +3 ring of slaying
                                k - ring of see invisible

@: not resistant to hostile enchantments, extremely unstealthy
A: retaliatory headbutt, horns 2
a: Berserk, Burn Spellbooks, Renounce Religion


You were on level 8 of the Dungeon.
You worshipped Trog.
Trog was aware of your devotion.
You were not hungry.

You visited 2 branches of the dungeon, and saw 9 of its levels.

You collected 363 gold pieces.
You spent 39 gold pieces at shops.

Inventory:

Hand Weapons
 a - a +5 long sword (weapon)
Missiles
 q - 2 tomahawks (quivered)
Armour
 b - a +0 scale mail (worn)
 c - a +1 shield (worn)
 e - a +0 large shield
 h - a +2 pair of boots (worn)
Jewellery
 j - an uncursed amulet of resist mutation
 k - a ring of see invisible (left hand)
 l - a +3 ring of slaying (right hand)
 p - an amulet of regeneration (around neck)
Wands
 o - a wand of disintegration (2)
 u - a wand of disintegration (13)
 w - a wand of paralysis (14)
Scrolls
 f - 7 scrolls of identify
 g - 4 scrolls of remove curse
 n - a scroll of teleportation
 r - a scroll of fear
 t - 6 scrolls of enchant armour
Potions
 d - a potion of heal wounds
 i - a potion of curing
 x - a potion of lignification
Comestibles
 m - 5 bread rations
 s - a fruit
 v - a meat ration


   Skills:
 * Level 3.6 Fighting
 - Level 14.0 Long Blades
 - Level 3.6 Armour
 - Level 3.6 Shields


You had 8 spell levels left.
You didn't know any spells.

Dungeon Overview and Level Annotations

Branches:
Dungeon (8/15)             Temple (1/1) D:4
   Lair: D:8-11

Altars:
Ashenzari
Cheibriados
Fedhas
Gozag
Kikubaaqudgha
Nemelex Xobeh
Qazlal
Ru
Trog
Vehumet
Xom
Yredelemnul
Zin
The Shining One

Shops:
D:4 [   D:6 (   D:8 *

Annotations:
D:8 Erolcha


Innate Abilities, Weirdness & Mutations

You reflexively headbutt those who attack you in melee.
You have a pair of horns on your head.


Message History

The orc priest casts a cantrip, but nothing happens.
An orc comes into view. It is wielding a short sword.
The orc shouts!
You open the door.
Erolcha the Cunning comes into view.
She is wielding a giant spiked club.
Erolcha shouts!
You block the orc warrior's attack. Erolcha gestures at you while chanting.
The bolt of fire hits you!
The orc warrior hits you from afar with a trident of flaming.
The orc warrior burns you.
Erolcha zaps a wand.
The bolt of lightning hits you!
It is a wand of lightning.
There is an open door here.
Erolcha casts a spell at you. The crystal spear misses you.
Erolcha zaps a wand.
The bolt of lightning hits you!
* * * LOW HITPOINT WARNING * * *
Erolcha growls.
Erolcha zaps a wand.
The bolt of lightning hits you!
You die...

.......'....#...........
.......#....'...........
.......#....#.....oo....
.......#....#...o..o....
.......#########'######.
.......# #.o.....#
.......# #...O...#
.......# #.......#
#.@.....# ##......#
########


You could see Erolcha, an orc warrior and an orc priest.

Vanquished Creatures
  The ghost of PossumBlood the Carver, an amateur MiFi (D:5)
  Edmund (D:6)
  3 phantoms
  A black bear (D:8)
  3 ogres
  2 giant frogs
  A big kobold (D:4)
  3 scorpions
  2 giant frog zombies
  6 jellies
  5 orc priests
  2 hounds
  A giant frog skeleton (D:7)
  2 orc wizards (D:4)
  A centaur skeleton (D:4)
  5 worker ants
  2 hound zombies
  A hound skeleton (D:5)
  12 adders
  A shadow imp (D:7)
  An ooze (D:6)
  An adder zombie (D:7)
  2 adder skeletons
  3 worms
  3 giant geckos
  24 orcs
  2 ball pythons
  5 bats
  7 hobgoblins
  9 jackals
  12 kobolds
  A quokka (D:2)
  10 giant cockroaches
  A giant gecko skeleton (D:4)
  2 giant gecko zombies
  3 giant newts
  6 goblins
  5 rats
  A bush (D:4)
  2 plants (D:4)
155 creatures vanquished.

Notes
Turn   | Place    | Note
--------------------------------------------------------------
     0 | D:1      | PossumBlood the Minotaur Fighter began the quest for the Orb.
     0 | D:1      | Reached XP level 1. HP: 19/19 MP: 0/0
   240 | D:1      | Reached XP level 2. HP: 21/26 MP: 1/1
   525 | D:1      | Found a snail-covered altar of Cheibriados.
   918 | D:2      | Found an opulent altar of Gozag.
   925 | D:2      | Reached skill level 4 in Long Blades
  1112 | D:2      | Reached XP level 3. HP: 31/31 MP: 2/2
  1668 | D:3      | You fall through a shaft for 2 floors!
  1668 | D:5      | Entered Level 5 of the Dungeon
  1668 | D:5      | Found a glowing golden altar of the Shining One.
  1687 | D:5      | Reached skill level 5 in Long Blades
  1687 | D:5      | Reached XP level 4. HP: 36/39 MP: 3/3
  1724 | D:5      | Found a sacrificial altar of Ru.
  1729 | D:5      | Reached skill level 6 in Long Blades
  1757 | D:5      | Noticed PossumBlood's ghost (amateur MiFi)
  1802 | D:5      | Killed PossumBlood's ghost
  1802 | D:5      | Reached skill level 8 in Long Blades
  1802 | D:5      | Reached XP level 5. HP: 19/45 MP: 4/4
  1802 | D:5      | Reached XP level 6. HP: 21/51 MP: 5/5
  2029 | D:5      | Noticed a scorpion
  2046 | D:5      | Killed a scorpion
  2187 | D:5      | Noticed a phantom
  2477 | D:5      | Killed a phantom
  2477 | D:5      | Reached skill level 9 in Long Blades
  2477 | D:5      | Reached XP level 7. HP: 57/57 MP: 6/6
  2741 | D:3      | Found a radiant altar of Vehumet.
  2834 | D:3      | Found a shattered altar of Ashenzari.
  2915 | D:3      | Reached skill level 10 in Long Blades
  2927 | D:3      | Found an ancient bone altar of Kikubaaqudgha.
  3278 | D:3      | Found a shattered altar of Ashenzari.
  3452 | D:3      | Found an opulent altar of Gozag.
  3869 | D:4      | Found a staircase to the Ecumenical Temple.
  3884 | Temple   | Entered the Ecumenical Temple
  3893 | Temple   | Became a worshipper of Trog the Wrathful
  4017 | D:4      | Found Muamesuf's Armour Emporium.
  4149 | D:4      | Reached skill level 11 in Long Blades
  4367 | D:4      | Reached XP level 8. HP: 64/64 MP: 7/7
  5064 | D:6      | Reached skill level 12 in Long Blades
  5102 | D:6      | Found Omuarhyhe's Antique Weapon Shoppe.
  5360 | D:6      | Noticed Edmund
  5369 | D:6      | Killed Edmund
  5543 | D:7      | Found a snail-covered altar of Cheibriados.
  5567 | D:7      | Reached skill level 13 in Long Blades
  5604 | D:7      | Reached * piety under Trog
  5741 | D:7      | Found a blossoming altar of Fedhas.
  5936 | D:8      | Found Nyulolof's General Store.
  5948 | D:8      | Bought a potion of lignification for 39 gold pieces
  5972 | D:8      | Reached XP level 9. HP: 66/70 MP: 8/8
  6015 | D:8      | Reached skill level 14 in Long Blades
  6030 | D:8      | Noticed Erolcha
  6035 | D:8      | Killed from afar by Erolcha

Action                   |  1- 3 |  4- 6 |  7- 9 || total
-------------------------+-------+-------+-------++-------
Melee: Long sword        |    93 |   115 |   287 ||   495
Invok: Burn Spellbooks   |       |       |     1 ||     1
  Use: Scroll            |     5 |     1 |     9 ||    15
       Potion            |       |     2 |       ||     2
  Eat: Bread ration      |     1 |       |     1 ||     2
       Chunk             |       |       |     5 ||     5
       Fruit             |       |       |     2 ||     2
       Beef jerky        |       |       |     1 ||     1
